 Dungeon Crawl Stone Soup version 0.27-a0-686-gaed091b46b (webtiles) character file.

Game seed: 18299655813249862922

14 sleeves the Vexing (level 2, 0/16 HPs)
             Began as a Deep Elf Arcane Marksman on Mar 20, 2021.
             Succumbed to an adder's poison
             ... on level 1 of the Dungeon.
             The game lasted 00:03:03 (1509 turns).

sleeves the Vexing (Deep Elf Arcane Marksman)       Turns: 1509, Time: 00:03:03

Health: 0/16       AC:  2    Str:  7    XL:     2   Next: 27%
Magic:  5/7        EV: 12    Int: 17    God:
Gold:   39         SH:  0    Dex: 15    Spells: 4/5 levels left

rFire    . . .     SeeInvis .   a - +0 shortbow
rCold    . . .     Faith    .   (shield currently unavailable)
rNeg     . . .     Spirit   .   e - +0 robe
rPois    .         Reflect  .   (no helmet)
rElec    .         Harm     .   (no cloak)
rCorr    .         Rampage  .   (no gloves)
Will     .....                  (no boots)
Stlth    +.........             (no amulet)
HPRegen  0.05/turn              (no ring)
MPRegen  0.10/turn              (no ring)

@: lethally poisoned (0 -> -7), flying
A: no striking features
a: no special abilities


You were on level 1 of the Dungeon.
You visited 1 branch of the dungeon, and saw 2 of its levels.

You collected 39 gold pieces.

Inventory:

Hand Weapons
 a - a +0 shortbow (weapon)
 b - a +0 dagger
   (You took it off a kobold on level 1 of the Dungeon)
Missiles
 d - 10 arrows (quivered ammo)
Armour
 e - a +0 robe (worn)
Scrolls
 c - a scroll of enchant armour {unknown}
 h - a scroll of vulnerability {unknown}
 i - 2 scrolls of silence {unknown}
 j - a scroll of identify {unknown}
Potions
 g - a potion of curing {unknown}


   Skills:
 - Level 0.7 Fighting
 + Level 3.2 Bows
 - Level 2.4 Dodging
 + Level 2.2 Spellcasting
 + Level 4.3 Hexes


You had 4 spell levels left.
You knew the following spells:

 Your Spells              Type           Power      Damage    Failure   Level
a - Corona                Hex            17%        N/A       3%          1

Your spell library contained the following spells:

 Spells                   Type           Power      Damage    Failure   Level
 Slow                     Hex            16%        N/A       4%          2
 Inner Flame              Hex/Fire       9%         N/A       24%         3
 Portal Projectile        Hex/Tloc       18%        N/A       24%         3
 Cause Fear               Hex            8%         N/A       30%         4
 Leda's Liquefaction      Hex/Erth       4%         N/A       61%         4


Dungeon Overview and Level Annotations

Branches:
Dungeon (2/15)

Altars:


Message History

Welcome, sleeves the Deep Elf Arcane Marksman.
Will you prevail where others failed? Will you find the Orb of Zot?
Press ? for a list of commands and other information.
Found 11 gold pieces.
Found a staircase leading out of the dungeon.
Okay, then.
Okay, then.
You now have 11 gold pieces.
You now have 13 gold pieces (gained 2).
A kobold comes into view.
The kobold shouts!
A kobold is nearby!
A kobold is nearby!
A kobold is nearby!
Okay, then.
Casting: Corona (safe; 4% risk of failure)
Confirm with . or Enter, or press ? or * to list all spells.
Aiming: Corona (safe; 4% risk of failure)
Press: ? - help, Shift-Dir - straight line, f - kobold
Aim: a kobold, quivering stones (chance to affect: 68%)
The kobold is outlined in light.
The kobold barely misses you.
Fire: 20 arrows
Press: ? - help, Q - select action, (/) - cycle Shift-Dir - straight line, f/p - kobold
Aim: a kobold, quivering stones (softly glowing, 70% to hit)
You shoot an arrow. The arrow hits the kobold.
You kill the kobold!
d - 20 arrows (gained 1)
You see here 5 stones.
Magic restored.
b - a scroll labelled GADELOO ZOVING A bat and a kobold come into view.
There are monsters nearby!
There are monsters nearby!
The bat hits you.
Casting: Corona (safe; 3% risk of failure)
Confirm with . or Enter, or press ? or * to list all spells.
You can't see any susceptible monsters within range! (Use Z to cast anyway.) Unknown command.
You see here 5 stones.
Casting: Corona (safe; 3% risk of failure)
Confirm with . or Enter, or press ? or * to list all spells.
Aiming: Corona (safe; 3% risk of failure)
Press: ? - help, Shift-Dir - straight line, f - bat
Aim: a bat (chance to affect: 69%)
The bat is outlined in light.
The bat closely misses you.
Fire: 20 arrows
Press: ? - help, Q - select action, (/) - cycle Shift-Dir - straight line, f/p - bat
Aim: a bat (softly glowing, 63% to hit)
You shoot an arrow. The arrow barely misses the bat.
The bat barely misses you.
Fire: 19 arrows
Press: ? - help, Q - select action, (/) - cycle Shift-Dir - straight line, f/p - bat
Aim: a bat (softly glowing, 63% to hit)
You shoot an arrow. The arrow hits the bat.
You kill the bat!
d - 19 arrows (gained 1)
d - 20 arrows (gained 1)
You see here 5 stones.
You start waiting.
Done waiting.
Unknown command.
You see here 5 stones.
A kobold is nearby!
A kobold is nearby!
A kobold is nearby!
Casting: Corona (safe; 3% risk of failure)
Confirm with . or Enter, or press ? or * to list all spells.
Aiming: Corona (safe; 3% risk of failure)
Press: ? - help, Shift-Dir - straight line, f - kobold
Aim: a kobold, wielding a +0 dagger (asleep, chance to affect: 69%)
The kobold shouts!
The kobold is outlined in light.
Fire: 20 arrows
Press: ? - help, Q - select action, (/) - cycle Shift-Dir - straight line, f/p - kobold
Aim: a kobold, wielding a +0 dagger (softly glowing, 70% to hit)
You shoot an arrow. The arrow barely misses the kobold.
Fire: 19 arrows
Press: ? - help, Q - select action, (/) - cycle Shift-Dir - straight line, f/p - kobold
Aim: a kobold, wielding a +0 dagger (softly glowing, 70% to hit)
You shoot an arrow. The arrow hits the kobold.
The kobold is moderately wounded.
Fire: 18 arrows
Press: ? - help, Q - select action, (/) - cycle Shift-Dir - straight line, f/p - kobold
Aim: a kobold, wielding a +0 dagger (moderately wounded, softly glowing, 70% to hit)
You shoot an arrow. The arrow hits the kobold.
You kill the kobold!
A goblin comes into view. It is wielding a +0 dagger.
You start resting.
Magic restored.
Casting: Corona (safe; 3% risk of failure)
Confirm with . or Enter, or press ? or * to list all spells.
Aiming: Corona (safe; 3% risk of failure)
Press: ? - help, Shift-Dir - straight line, f - goblin
Aim: a goblin, wielding a +0 dagger (chance to affect: 69%)
The goblin is outlined in light.
Fire: 17 arrows
Press: ? - help, Q - select action, (/) - cycle Shift-Dir - straight line, f/p - goblin
Aim: a goblin, wielding a +0 dagger (softly glowing, 70% to hit)
You shoot an arrow. The arrow hits the goblin.
You kill the goblin!
d - 17 arrows (gained 1)
You see here a +0 dagger.
d - 18 arrows (gained 1)
d - 19 arrows (gained 1)
You see here a +0 dagger.
You see here a +0 dagger.
c - a +0 dagger
d - 20 arrows (gained 1)
Okay, then.
Adjust (i)tems, (s)pells, or (a)bilities?
c - a +0 dagger Adjust to which letter? (? for menu, Esc to quit)
b - a +0 dagger;
c - a scroll labelled GADELOO ZOVING
b - a +0 dagger (weapon)
You now have 26 gold pieces (gained 13).
You see here 5 stones.
A bat comes into view.
A bat is nearby!
A bat is nearby!
A bat is nearby!
Casting: Corona (safe; 3% risk of failure)
Confirm with . or Enter, or press ? or * to list all spells.
Aiming: Corona (safe; 3% risk of failure)
Press: ? - help, Shift-Dir - straight line, f - bat
Aim: a bat (chance to affect: 69%)
The bat is outlined in light.
The bat closely misses you.
You hit the bat but do no damage. The bat misses you. The bat hits you.
You hit the bat but do no damage. The bat hits you but does no damage.
The bat misses you.
You completely miss the bat. The bat closely misses you.
The bat closely misses you.
The bat stops glowing.
The bat hits you but does no damage.
Casting: Corona (safe; 3% risk of failure)
Confirm with . or Enter, or press ? or * to list all spells.
Aiming: Corona (safe; 3% risk of failure)
Press: ? - help, Shift-Dir - straight line, f/p - bat
Aim: a bat (chance to affect: 69%)
You miscast Corona.
You are very lightly contaminated with residual magic.
Nothing appears to happen.
The bat hits you.
Casting: Corona (safe; 3% risk of failure)
Confirm with . or Enter, or press ? or * to list all spells.
Aiming: Corona (safe; 3% risk of failure)
Press: ? - help, Shift-Dir - straight line, f/p - bat
Aim: a bat (chance to affect: 69%)
The bat barely resists.
The bat barely misses you.
Casting: Corona (safe; 3% risk of failure)
Confirm with . or Enter, or press ? or * to list all spells.
Aiming: Corona (safe; 3% risk of failure)
Press: ? - help, Shift-Dir - straight line, f/p - bat
Aim: a bat (chance to affect: 69%)
The bat is outlined in light.
The bat hits you but does no damage. The bat barely misses you.
You hit the bat.
The bat is moderately wounded.
The bat closely misses you. x2
The bat misses you.
Your magical contamination has completely faded away.
You hit the bat.
The bat is severely wounded.
The bat hits you. The bat closely misses you. The bat closely misses you.
You hit the bat.
You kill the bat!
You start resting.
Magic restored.
You start resting.
HP restored.
a - a +0 shortbow (weapon)
You open the door.
There is an open door here.
There is an open door here.
A frilled lizard comes into view.
A frilled lizard is nearby!
A frilled lizard is nearby!
A frilled lizard is nearby!
b - a +0 dagger (weapon)
Unknown command.
Casting: Corona (safe; 3% risk of failure)
Confirm with . or Enter, or press ? or * to list all spells.
Aiming: Corona (safe; 3% risk of failure)
Press: ? - help, Shift-Dir - straight line, f - frilled lizard
Aim: a frilled lizard (chance to affect: 69%)
The frilled lizard barely resists.
The frilled lizard bites you.
You hit the frilled lizard.
You kill the frilled lizard!
Magic restored.
You see here a frilled lizard corpse.
Found a stone staircase leading down.
A hobgoblin comes into view.
The hobgoblin shouts!
A rat comes into view.
There are monsters nearby!
There are monsters nearby!
a - a +0 shortbow (weapon)
Casting: Corona (safe; 3% risk of failure)
Confirm with . or Enter, or press ? or * to list all spells.
Aiming: Corona (safe; 3% risk of failure)
Press: ? - help, Shift-Dir - straight line, f - hobgoblin
Aim: a hobgoblin (chance to affect: 69%)
The hobgoblin barely resists.
Casting: Corona (safe; 3% risk of failure)
Confirm with . or Enter, or press ? or * to list all spells.
Aiming: Corona (safe; 3% risk of failure)
Press: ? - help, Shift-Dir - straight line, f/p - hobgoblin
Aim: a hobgoblin (chance to affect: 69%)
The hobgoblin is outlined in light.
Fire: 20 arrows
Press: ? - help, Q - select action, (/) - cycle Shift-Dir - straight line, f/p - hobgoblin
Aim: a hobgoblin (softly glowing, 78% to hit)
You shoot an arrow. The arrow hits the hobgoblin.
The hobgoblin is moderately wounded.
Fire: 19 arrows
Press: ? - help, Q - select action, (/) - cycle Shift-Dir - straight line, f/p - hobgoblin
Aim: a hobgoblin (moderately wounded, softly glowing, 78% to hit)
You shoot an arrow. The arrow barely misses the hobgoblin.
The hobgoblin hits you.
Fire: 18 arrows
Press: ? - help, Q - select action, (/) - cycle Shift-Dir - straight line, f/p - hobgoblin
Aim: a hobgoblin (moderately wounded, softly glowing, 78% to hit)
You shoot an arrow. The arrow hits the hobgoblin.
You kill the hobgoblin!
Your Bows skill increases to level 3!
Your Spellcasting skill increases to level 2!
b - a +0 dagger (weapon)
A rat is nearby!
A rat is nearby!
A rat is nearby!
Casting: Corona (safe; 3% risk of failure)
Confirm with . or Enter, or press ? or * to list all spells.
Aiming: Corona (safe; 3% risk of failure)
Press: ? - help, Shift-Dir - straight line, f - rat
Aim: a rat (wandering, hasn't noticed you, chance to affect: 71%)
The rat barely resists.
Casting: Corona (safe; 3% risk of failure)
Confirm with . or Enter, or press ? or * to list all spells.
Aiming: Corona (safe; 3% risk of failure)
Press: ? - help, Shift-Dir - straight line, f/p - rat
Aim: a rat (chance to affect: 71%)
The rat barely resists.
Casting: Corona (safe; 3% risk of failure)
Confirm with . or Enter, or press ? or * to list all spells.
Aiming: Corona (safe; 3% risk of failure)
Press: ? - help, Shift-Dir - straight line, f/p - rat
Aim: a rat (chance to affect: 71%)
The rat is outlined in light.
You hit the rat.
You kill the rat!
d - 18 arrows (gained 1)
d - 19 arrows (gained 1)
d - 20 arrows (gained 1)
a - a +0 shortbow (weapon)
You start resting.
Magic restored.
You start resting.
HP restored.
f - a bubbling sapphire potion
Found a stone staircase leading down.
Found a whip.
You see here a +0 whip.
A rat comes into view.
Casting: Corona (safe; 3% risk of failure)
Confirm with . or Enter, or press ? or * to list all spells.
You don't know that spell.
b - a +0 dagger (weapon)
Sorry, you're not good enough to have a special ability.
Unknown command.
Unknown command.
Casting: Corona (safe; 3% risk of failure)
Confirm with . or Enter, or press ? or * to list all spells.
Aiming: Corona (safe; 3% risk of failure)
Press: ? - help, Shift-Dir - straight line, f - rat
Aim: a rat (chance to affect: 71%)
The rat is outlined in light.
You hit the rat.
The rat is moderately wounded.
The rat bites you.
You hit the rat.
You kill the rat!
No target in view!
a - a +0 shortbow (weapon)
Okay, then.
Magic restored.
A hobgoblin comes into view. It is wielding a +0 club.
A hobgoblin is nearby!
A hobgoblin is nearby!
Casting: Corona (safe; 3% risk of failure)
Confirm with . or Enter, or press ? or * to list all spells.
Aiming: Corona (safe; 3% risk of failure)
Press: ? - help, Shift-Dir - straight line, f - hobgoblin
Aim: a hobgoblin, wielding a +0 club (asleep, chance to affect: 71%)
The hobgoblin shouts!
The hobgoblin is outlined in light.
Fire: 20 arrows
Press: ? - help, Q - select action, (/) - cycle Shift-Dir - straight line, f/p - hobgoblin
Aim: a hobgoblin, wielding a +0 club (softly glowing, 78% to hit)
You shoot an arrow. The arrow hits the hobgoblin!
You kill the hobgoblin!
You have reached level 2!
d - 20 arrows (gained 1)
You see here a +0 club.
You open the door.
There is an open door here.
Found a stone staircase leading down.
There is a stone staircase leading down here.
A frilled lizard comes into view.
Casting: Corona (safe; 3% risk of failure)
Confirm with . or Enter, or press ? or * to list all spells.
Aiming: Corona (safe; 3% risk of failure)
Press: ? - help, Shift-Dir - straight line, f - frilled lizard
Aim: a frilled lizard (asleep, chance to affect: 71%)
The frilled lizard hisses angrily.
The frilled lizard barely resists.
Fire: 20 arrows
Press: ? - help, Q - select action, (/) - cycle Shift-Dir - straight line, f/p - frilled lizard
Aim: a frilled lizard (40% to hit)
You shoot an arrow. The arrow hits the frilled lizard.
You kill the frilled lizard!
Found a purple potion.
d - 20 arrows (gained 1)
You see here a frilled lizard corpse.
A hobgoblin comes into view. It is wielding a +0 club.
A hobgoblin is nearby!
A hobgoblin is nearby!
Casting: Corona (safe; 3% risk of failure)
Confirm with . or Enter, or press ? or * to list all spells.
Aiming: Corona (safe; 3% risk of failure)
Press: ? - help, Shift-Dir - straight line, f - hobgoblin
Aim: a hobgoblin, wielding a +0 club (asleep, chance to affect: 71%)
The hobgoblin shouts!
The hobgoblin is outlined in light.
A hobgoblin is nearby!
Fire: 20 arrows
Press: ? - help, Q - select action, (/) - cycle Shift-Dir - straight line, f/p - hobgoblin
Aim: a hobgoblin, wielding a +0 club (softly glowing, 78% to hit)
You shoot an arrow. The arrow hits the hobgoblin.
The hobgoblin is moderately wounded.
A hobgoblin is nearby!
A hobgoblin is nearby!
A hobgoblin is nearby!
Fire: 19 arrows
Press: ? - help, Q - select action, (/) - cycle Shift-Dir - straight line, f/p - hobgoblin
Aim: a hobgoblin, wielding a +0 club (moderately wounded, softly glowing, 78% to hit)
You shoot an arrow. The arrow barely misses the hobgoblin.
Fire: 18 arrows
Press: ? - help, Q - select action, (/) - cycle Shift-Dir - straight line, f/p - hobgoblin
Aim: a hobgoblin, wielding a +0 club (moderately wounded, softly glowing, 78% to hit)
You shoot an arrow. The arrow hits the hobgoblin.
You kill the hobgoblin!
g - a purple potion
d - 18 arrows (gained 1)
Things that are here:
a +0 club; a hobgoblin corpse
d - 19 arrows (gained 1)
h - a scroll labelled KIWELAMESO A rat comes into view.
A rat is nearby!
A rat is nearby!
Casting: Corona (safe; 3% risk of failure)
Confirm with . or Enter, or press ? or * to list all spells.
Aiming: Corona (safe; 3% risk of failure)
Press: ? - help, Shift-Dir - straight line, f - rat
Aim: a rat (asleep, chance to affect: 71%)
The rat barely resists.
b - a +0 dagger (weapon)
The rat bites you.
Casting: Corona (safe; 3% risk of failure)
Confirm with . or Enter, or press ? or * to list all spells.
Aiming: Corona (safe; 3% risk of failure)
Press: ? - help, Shift-Dir - straight line, f/p - rat
Aim: a rat (chance to affect: 71%)
The rat barely resists.
The rat bites you but does no damage.
Unknown command.
Casting: Corona (safe; 3% risk of failure)
Confirm with . or Enter, or press ? or * to list all spells.
Aiming: Corona (safe; 3% risk of failure)
Press: ? - help, Shift-Dir - straight line, f/p - rat
Aim: a rat (chance to affect: 71%)
The rat is outlined in light.
The rat bites you but does no damage.
You hit the rat.
The rat is heavily wounded.
The rat barely misses you.
You hit the rat.
You kill the rat!
No target in view!
No target in view!
a - a +0 shortbow (weapon)
You see here a rat corpse.
There is a stone staircase leading down here.
i - 2 scrolls labelled YMAK AMESYCE You open the door.
Found 17 poisoned darts.
There is an open door here.
j - a scroll labelled ESOARA USAT You see here 17 poisoned darts.
You now have 32 gold pieces (gained 6).
You open the door.
A ball python comes into view.
Casting: Corona (safe; 3% risk of failure)
Confirm with . or Enter, or press ? or * to list all spells.
You don't know that spell.
b - a +0 dagger (weapon)
The ball python hisses angrily.
Casting: Corona (safe; 3% risk of failure)
Confirm with . or Enter, or press ? or * to list all spells.
Aiming: Corona (safe; 3% risk of failure)
Press: ? - help, Shift-Dir - straight line, f - ball python
Aim: a ball python (chance to affect: 71%)
The ball python is outlined in light.
There is an open door here.
You barely miss the ball python. The ball python closely misses you.
The ball python barely misses you.
You hit the ball python but do no damage.
The ball python bites you but does no damage.
The ball python barely misses you. The ball python closely misses you.
The ball python grabs you. The ball python constricts you.
You hit the ball python.
The ball python is moderately wounded.
The ball python bites you. The ball python constricts you.
You hit the ball python.
You kill the ball python!
No target in view!
No target in view!
Found an escape hatch in the floor.
There is an escape hatch in the floor here.
A hobgoblin comes into view.
A hobgoblin is nearby!
A hobgoblin is nearby!
Casting: Corona (safe; 3% risk of failure)
Confirm with . or Enter, or press ? or * to list all spells.
Aiming: Corona (safe; 3% risk of failure)
Press: ? - help, Shift-Dir - straight line, f - hobgoblin
Aim: a hobgoblin (asleep, chance to affect: 71%)
The hobgoblin shouts!
The hobgoblin is outlined in light.
You hit the hobgoblin but do no damage. The hobgoblin misses you.
You hit the hobgoblin but do no damage. The hobgoblin closely misses you.
You barely miss the hobgoblin. The hobgoblin hits you.
You hit the hobgoblin but do no damage.
The hobgoblin stops glowing.
The hobgoblin barely misses you.
You hit the hobgoblin.
The hobgoblin is moderately wounded.
The hobgoblin closely misses you.
Casting: Corona (safe; 3% risk of failure)
Confirm with . or Enter, or press ? or * to list all spells.
Aiming: Corona (safe; 3% risk of failure)
Press: ? - help, Shift-Dir - straight line, f/p - hobgoblin
Aim: a hobgoblin (lightly wounded, chance to affect: 71%)
The hobgoblin is outlined in light.
The hobgoblin hits you.
a - a +0 shortbow (weapon)
Fire: 19 arrows
Press: ? - help, Q - select action, (/) - cycle Shift-Dir - straight line, f/p - hobgoblin
Aim: a hobgoblin (lightly wounded, softly glowing, 78% to hit)
You shoot an arrow.
The arrow hits the hobgoblin but does no damage.
The hobgoblin is lightly wounded.
The hobgoblin closely misses you.
Fire: 18 arrows
Press: ? - help, Q - select action, (/) - cycle Shift-Dir - straight line, f/p - hobgoblin
Aim: a hobgoblin (lightly wounded, softly glowing, 78% to hit)
You shoot an arrow.
The arrow hits the hobgoblin but does no damage.
The hobgoblin is lightly wounded.
The hobgoblin closely misses you. The hobgoblin barely misses you.
Fire: 17 arrows
Press: ? - help, Q - select action, (/) - cycle Shift-Dir - straight line, f/p - hobgoblin
Aim: a hobgoblin (softly glowing, 78% to hit)
You shoot an arrow. The arrow barely misses the hobgoblin.
The hobgoblin barely misses you.
Fire: 16 arrows
Press: ? - help, Q - select action, (/) - cycle Shift-Dir - straight line, f/p - hobgoblin
Aim: a hobgoblin (softly glowing, 78% to hit)
You shoot an arrow. The arrow hits the hobgoblin!
You kill the hobgoblin!
d - 17 arrows (gained 2)
You see here a hobgoblin corpse.
There is an escape hatch in the floor here.
d - 18 arrows (gained 1)
There is an escape hatch in the floor here.
You now have 39 gold pieces (gained 7).
There is an open door here.
There is an open door, spattered with blood here.
There is an open door, spattered with blood here.
There is an open door here.
Key pressed, stopping explore.
Done exploring.
Done exploring.
(D) Dungeon
Where to? (? - help)
There is a stone staircase leading down here.
You climb downwards.
A ball python, an adder, a rat and a worm come into view.
Found a smoky golden potion and 14 arrows.
Found two stone staircases leading up.
There is a stone staircase leading up here.
Casting: Corona (safe; 3% risk of failure)
Confirm with . or Enter, or press ? or * to list all spells.
Aiming: Corona (safe; 3% risk of failure)
Press: ? - help, Shift-Dir - straight line, f - adder
Aim: an adder (asleep, chance to affect: 62%)
The adder hisses angrily.
The adder is outlined in light.
The ball python hisses angrily.
Fire: 18 arrows
Press: ? - help, Q - select action, (/) - cycle Shift-Dir - straight line, f/p - adder
Aim: an adder (softly glowing, 59% to hit)
You shoot an arrow. The arrow closely misses the adder.
Fire: 17 arrows
Press: ? - help, Q - select action, (/) - cycle Shift-Dir - straight line, f/p - adder
Aim: an adder (softly glowing, 59% to hit)
You shoot an arrow. The arrow hits the adder.
The adder is moderately wounded.
The adder bites you but does no damage.
You climb upwards.
There is a stone staircase leading down here.
Fire: 16 arrows
Press: ? - help, Q - select action, (/) - cycle Shift-Dir - straight line, f - adder
Aim: an adder (moderately wounded, softly glowing, 59% to hit)
You shoot an arrow. The arrow closely misses the adder.
The adder completely misses you.
Fire: 15 arrows
Press: ? - help, Q - select action, (/) - cycle Shift-Dir - straight line, f/p - adder
Aim: an adder (moderately wounded, softly glowing, 59% to hit)
You shoot an arrow. The arrow closely misses the adder.
The adder barely misses you. The adder bites you.
Fire: 14 arrows
Press: ? - help, Q - select action, (/) - cycle Shift-Dir - straight line, f/p - adder
Aim: an adder (moderately wounded, softly glowing, 59% to hit)
You shoot an arrow. The arrow closely misses the adder.
The adder stops glowing.
The adder barely misses you.
Fire: 13 arrows
Press: ? - help, Q - select action, (/) - cycle Shift-Dir - straight line, f/p - adder
Aim: an adder (moderately wounded, 40% to hit)
You shoot an arrow. The arrow closely misses the adder.
The adder closely misses you. The adder bites you.
* * * LOW HITPOINT WARNING * * *
Okay, then.
Okay, then.
Unknown command.
Casting: Corona (safe; 3% risk of failure)
Confirm with . or Enter, or press ? or * to list all spells.
Aiming: Corona (safe; 3% risk of failure)
Press: ? - help, Shift-Dir - straight line, f/p - adder
Aim: an adder (moderately wounded, chance to affect: 62%)
The adder struggles to resist.
The adder closely misses you.
Casting: Corona (safe; 3% risk of failure)
Confirm with . or Enter, or press ? or * to list all spells.
Aiming: Corona (safe; 3% risk of failure)
Press: ? - help, Shift-Dir - straight line, f/p - adder
Aim: an adder (moderately wounded, chance to affect: 62%)
The adder is outlined in light.
The adder misses you.
Fire: 12 arrows
Press: ? - help, Q - select action, (/) - cycle Shift-Dir - straight line, f/p - adder
Aim: an adder (moderately wounded, softly glowing, 59% to hit)
You shoot an arrow. The arrow hits the adder.
The adder is almost dead.
The adder misses you. The adder bites you.
* * * LOW HITPOINT WARNING * * *
Fire: 11 arrows
Press: ? - help, Q - select action, (/) - cycle Shift-Dir - straight line, f/p - adder
Aim: an adder (almost dead, softly glowing, 59% to hit)
You shoot an arrow. The arrow barely misses the adder.
The adder bites you.
* * * LOW HITPOINT WARNING * * *
You are lethally poisoned!
The adder poisons you!
It was a potion of flight.
You feel very buoyant.
You fly up into the air.
You die...

...# #.#.#.#...#.##.#
######.#.#.#.#.#(##.#
...........#.#.#....#
######.#'###.#.#..###
###.......#....#
#......####.#.##
####### #.##...#
#...# #.....#
#.######
#..S#####.....# #.#
#..@....'.....# ##
#.# ##.#######.(...#
.# #.# #.....#
#.....# .###.#
#####.# ###'###
.#...# #.# #.# .#.###
#.######.# .#.#
#......#.# ##.#
######.#.########
...# #....#.........


You could see an adder (corona).

Vanquished Creatures
  4 hobgoblins (D:1)
  A ball python (D:1)
  2 bats (D:1)
  2 frilled lizards (D:1)
  A goblin (D:1)
  2 kobolds (D:1)
  3 rats (D:1)
15 creatures vanquished.

Notes
Turn   | Place    | Note
-------+----------+-------------------------------------------
     0 | D:1      | sleeves the Deep Elf Arcane Marksman began the quest for
                  | the Orb.
     0 | D:1      | Reached XP level 1. HP: 11/11 MP: 5/5
   490 | D:1      | Reached skill level 3 in Bows
   490 | D:1      | Reached skill level 2 in Spellcasting
   710 | D:1      | Reached XP level 2. HP: 16/16 MP: 5/7
  1504 | D:1      | HP: 8/16 [adder (3)]
  1508 | D:1      | HP: 1/16 [adder (3)]
  1509 | D:1      | Succumbed to an adder's poison

Illustrated notes

Levels and vault maps discovered:
D:1:      nicolae_arrival_washed_ashore, layout_basic
D:2:      layout_rooms, general_overflow_altar, uniq_robin

Skill      XL: |  1 |
---------------+----+-----
Bows           | 3 |  3.2
Spellcasting   | 2 |  2.2
Fighting       | |  0.7
Dodging        | |  2.4
Hexes          | |  4.3

Action                   || total
-------------------------++-------
Melee: Dagger            ||    21
 Fire: Shortbow          ||    27
 Cast: Corona            ||    26
  Use: Potion            ||     1
Armor: Robe              ||     7
Dodge: Dodged            ||    35

Table legend: (Time is in decaauts)
 A = Elapsed time spent in this place.
 B = Non-inter-level travel time spent in this place.
 C = Inter-level travel time spent in this place.
 D = Time resting spent in this place.
 E = Time spent auto-exploring this place.
 F = Levels seen in this place.
 G = Mean time per level.
                   A        B        C        D        E       F      G
               +--------+--------+--------+--------+--------+-----+--------+
         Total |   1507 |   1445 |     62 |    252 |   1007 |   2 |  753.5 |
       Dungeon |   1507 |   1445 |     62 |    252 |   1007 |   2 |  753.5 |
               +--------+--------+--------+--------+--------+-----+--------+

Top non-repeatable levels by time:
     D:1: 1502 daAuts
     D:2: 5 daAuts
